 Dungeon Crawl Stone Soup version 0.30-a0-743-gbfdf073431 (webtiles) character file.

Game seed: 6008811582843880120

471 Lobster4 the Grave Robber (level 7, -3/51 HPs)
             Began as a Human Necromancer on Feb 7, 2023.
             Was a Follower of Sif Muna.
             Slain by an ice beast (9 damage)
             ... on level 5 of the Dungeon.
             The game lasted 00:11:32 (3980 turns).

Lobster4 the Grave Robber (Human Necromancer)       Turns: 3980, Time: 00:11:33

Health: -3/51      AC:  2    Str:  8    XL:     7   Next: 31%
Magic:  6/11       EV: 13    Int: 18    God:    Sif Muna [*.....]
Gold:   226        SH:  0    Dex: 13    Spells: 10/12 levels left

rFire   . . .      SeeInvis .    a - +2 dagger (venom)
rCold   . . .      Faith    .    (no shield)
rNeg    . . .      Spirit   .    s - +0 robe
rPois   .          Reflect  .    (no helmet)
rElec   .          Harm     .    (no cloak)
rCorr   .          Rampage  .    (no gloves)
Will    .....                    (no boots)
Stlth   ++                       (no amulet)
HPRegen 0.28/turn                u - ring of wizardry
MPRegen 0.12/turn                (no ring)

@: no status effects
A: no striking features
a: Renounce Religion, Channel Magic


You were on level 5 of the Dungeon.
You worshipped Sif Muna.
Sif Muna was aware of your devotion.
You visited 1 branch of the dungeon, and saw 5 of its levels.

You collected 226 gold pieces.

Inventory:

Hand Weapons
 a - a +2 dagger of venom (weapon)
 b - a +0 sling
 c - a +0 war axe
 g - a +0 spear
 n - a +0 short sword
Missiles
 d - 3 boomerangs (quivered)
Armour
 m - a +0 leather armour
 o - a +0 scale mail
 s - a +0 robe (worn)
Jewellery
 u - a ring of wizardry (left hand)
Scrolls
 f - a scroll of immolation {unknown}
 i - 2 scrolls of teleportation
 j - 2 scrolls of magic mapping
 l - a scroll of torment {unknown}
 p - 5 scrolls of identify {unknown}
 q - a scroll of silence {unknown}
 w - a scroll of enchant weapon {unknown}
Potions
 e - 2 potions of invisibility {unknown}
 k - a potion of curing
 r - a potion of berserk rage {unknown}
 t - a potion of magic
 x - a potion of degeneration {unknown}
 z - a potion of haste {unknown}
 A - a potion of ambrosia {unknown}
 B - a potion of heal wounds {unknown}


   Skills:
 + Level 2.6 Fighting
 - Level 1.0 Polearms
 + Level 2.5 Armour
 + Level 3.5 Dodging
 - Level 2.0 Stealth
 + Level 3.2 Spellcasting
 + Level 2.1 Conjurations
 + Level 5.0 Necromancy


You had 10 spell levels left.
You knew the following spells:

 Your Spells              Type           Power      Damage    Failure   Level
a - Necrotise             Necr           80%        1d8       1%          1
b - Magic Dart            Conj           40%        1d5       2%          1

Your spell library contained the following spells:

 Spells                   Type           Power      Damage    Failure   Level
 Vampiric Draining        Necr           20%        2d7       2%          3
 Searing Ray              Conj           20%        2d5       4%          2
 Animate Dead             Necr           20%        N/A       9%          4
 Ensorcelled Hibernation  Hex/Ice        4%         N/A       10%         2
 Passwall                 Tmut/Erth      1%         N/A       10%         2
 Swiftness                Air            2%         N/A       19%         3
 Agony                    Necr           20%        N/A       22%         5
 Fulminant Prism          Conj/Hex       3%         3d5       38%         4


Dungeon Overview and Level Annotations

Branches:
Dungeon (5/15)
 Temple: D:4-7

Altars:
Dithmenos
Fedhas
Kikubaaqudgha
Makhleb
Okawaru
Qazlal
Sif Muna
Uskayaw
Vehumet
Xom

Annotations:
D:3 2 runed translucent doors, Dittersdorf's ghost, amateur GrFi


Message History

The ice beast hits you. The ice beast freezes you.
Casting: Magic Dart (safe; 2% risk of failure)
Confirm with . or Enter, or press ? or * to list all spells.
Aiming: Magic Dart (safe; 2% risk of failure)
Press: ? - help, Shift-Dir - straight line, f/p - ice beast
Aim: an ice beast (moderately wounded, 100% to hit)
The magic dart hits the ice beast but does no damage.
The ice beast is moderately wounded.
The ice beast hits you but does no damage.
Casting: Magic Dart (safe; 2% risk of failure)
Confirm with . or Enter, or press ? or * to list all spells.
Aiming: Magic Dart (safe; 2% risk of failure)
Press: ? - help, Shift-Dir - straight line, f/p - ice beast
Aim: an ice beast (moderately wounded, 100% to hit)
The magic dart hits the ice beast.
The ice beast is heavily wounded.
The ice beast misses you.
You hit the ice beast but do no damage.
The ice beast is heavily wounded.
The ice beast hits you. The ice beast freezes you.
You hit the ice beast.
The ice beast is severely wounded.
The ice beast barely misses you.
You hit the ice beast.
The ice beast is severely wounded.
The ice beast closely misses you.
You hit the ice beast.
The ice beast is almost dead.
The ice beast hits you. The ice beast freezes you.
* * * LOW HITPOINT WARNING * * *
You hit the ice beast. Your punch misses the ice beast.
The ice beast is almost dead.
The ice beast hits you.
* * * LOW HITPOINT WARNING * * *
The ice beast freezes you!
* * * LOW HITPOINT WARNING * * *
You feel better. The ice beast hits you.
* * * LOW HITPOINT WARNING * * *
The ice beast freezes you!
You die...

.. #. .. #. #..
..###.###
#.....Y.# #@###
#...# #
#.###.######### #
#.............. #
#######.####### #
#....# #
########.# #
.........#########
...............<#.


You could see an ice beast.

Vanquished Creatures
  An ogre (D:4)
  3 scorpions
  A howler monkey (D:5)
  A hound (D:4)
  A gnoll (D:5)
  2 adders
  2 ufetubi (D:4)
  A worm (D:3)
  4 dart slugs
  9 bats
  5 endoplasms
  A giant cockroach (D:2)
  10 goblins
  8 hobgoblins
  8 jackals
  4 quokkas
  3 ball pythons
  4 frilled lizards
  10 kobolds
  6 rats
84 creatures vanquished.

Vanquished Creatures (collateral kills)
  A worm (D:4)
  A ball python (D:4)
  2 endoplasms (D:3)
  A jackal (D:2)
  A frilled lizard (D:3)
  A goblin (D:1)
  A rat (D:3)
8 creatures vanquished.

Grand Total: 92 creatures vanquished

Notes
Turn   | Place    | Note
-------+----------+-------------------------------------------
     0 | D:1      | Lobster4 the Human Necromancer began the quest for the Orb.
     0 | D:1      | Reached XP level 1. HP: 13/13 MP: 3/3
   102 | D:1      | Reached XP level 2. HP: 19/19 MP: 3/5
   345 | D:1      | Reached XP level 3. HP: 25/25 MP: 6/6
   585 | D:1      | Reached skill level 1 in Armour
   653 | D:1      | Learned a level 1 spell: Magic Dart
   721 | D:1      | Reached skill level 1 in Fighting
  1204 | D:2      | Reached XP level 4. HP: 32/32 MP: 5/7
  2196 | D:3      | Found a hide-covered altar of Uskayaw.
  2258 | D:3      | Found a runed translucent door.
  2261 | D:3      | Noticed Dittersdorf's ghost (amateur GrFi)
  2261 | D:3      | Noticed a bullfrog
  2358 | D:3      | Found a radiant altar of Vehumet.
  2358 | D:3      | Found an iron altar of Okawaru.
  2358 | D:3      | Found a shadowy altar of Dithmenos.
  2361 | D:3      | Reached skill level 1 in Polearms
  2366 | D:3      | Found a shimmering altar of Xom.
  2369 | D:3      | Found a stormy altar of Qazlal.
  2383 | D:3      | Found a shimmering blue altar of Sif Muna.
  2384 | D:3      | Found a burning altar of Makhleb.
  2390 | D:3      | Became a worshipper of Sif Muna the Loreminder
  2482 | D:3      | Found a runed translucent door.
  2596 | D:4      | Noticed a scorpion
  2608 | D:4      | Killed a scorpion
  2609 | D:4      | Reached skill level 1 in Conjurations
  2609 | D:4      | Reached XP level 5. HP: 10/38 MP: 0/8
  3188 | D:4      | Found an ancient bone altar of Kikubaaqudgha.
  3190 | D:4      | Found a blossoming altar of Fedhas.
  3194 | D:4      | Noticed an ogre
  3201 | D:4      | Reached XP level 6. HP: 10/44 MP: 2/10
  3225 | D:4      | Killed an ogre
  3821 | D:5      | Entered Level 5 of the Dungeon
  3834 | D:5      | Noticed an ice beast
  3842 | D:4      | Reached * piety under Sif Muna
  3843 | D:4      | Reached XP level 7. HP: 51/51 MP: 11/11
  3872 | D:5      | Reached skill level 5 in Necromancy
  3979 | D:5      | HP: 1/51 [ice beast (8)]
  3980 | D:5      | Slain by an ice beast

Illustrated notes

Levels and vault maps discovered:
D:1:      mrwooster_arrival_statue, layout_loops_ring
D:2:      layout_basic
D:3:      layout_basic, mainiacjoe_overflow_six_doors_small,
          nicolae_overflow_hallway_of_the_gods, ebering_ghost_sewer_f
D:4:      nicolae_cairo_tiling_very_big, layout_loops_cross,
          grunt_temple_overflow_growth_and_decay, grunt_decor_cap,
          minmay_misc_feat_rows
D:5:      layout_basic, minmay_temple_entry_drinking_statues,
          gammafunk_ghost_necromancy

Skill      XL: |  1  2  3  4  5  6  7 |
---------------+----------------------+-----
Armour         | 1 2 |  2.5
Fighting       | 1 2 |  2.6
Dodging        | 3 |  3.5
Polearms       | 1 |  1.0
Conjurations   | 1 2 |  2.1
Spellcasting   | 3 |  3.2
Necromancy     | 5 |  5.0
Stealth        | |  2.0

Action                     |  1- 3 |  4- 6 |  7- 9 || total
---------------------------+-------+-------+-------++-------
  Melee: War axe           |    24 |       |       ||    24
         Unarmed           |     1 |       |       ||     1
         Spear             |    48 |       |       ||    48
         Short sword       |     7 |    11 |       ||    18
         Dagger            |       |    40 |     9 ||    49
         Punch             |       |     1 |       ||     1
  Throw: Dart              |       |    14 |       ||    14
         Boomerang         |       |       |     6 ||     6
   Cast: Necrotise         |    37 |    70 |     8 ||   115
         Magic Dart        |       |       |     6 ||     6
    Use: Potion            |       |     1 |     1 ||     2
         Scroll            |       |     6 |       ||     6
   Stab: Sleeping          |     2 |     2 |       ||     4
 Armour: Robe              |    17 |    10 |     4 ||    31
  Dodge: Dodged            |    52 |    54 |     9 ||   115

Table legend: (Time is in decaauts)
 A = Elapsed time spent in this place.
 B = Non-inter-level travel time spent in this place.
 C = Inter-level travel time spent in this place.
 D = Time resting spent in this place.
 E = Time spent auto-exploring this place.
 F = Levels seen in this place.
 G = Mean time per level.
                   A        B        C        D        E       F      G
               +--------+--------+--------+--------+--------+-----+--------+
         Total |   3995 |   3834 |    161 |    560 |   2429 |   5 |  799.0 |
       Dungeon |   3995 |   3834 |    161 |    560 |   2429 |   5 |  799.0 |
               +--------+--------+--------+--------+--------+-----+--------+

Top non-repeatable levels by time:
     D:4: 1255 daAuts
     D:1: 1066 daAuts
     D:2: 819 daAuts
     D:3: 708 daAuts
     D:5: 145 daAuts
